 Dungeon Crawl Stone Soup version 0.29.1-15-g9cfb28693d (webtiles) character file.

Game seed: 458745095428110846

3695 tkbsonic5 the Sneak (level 10, -8/45 HPs)
             Began as a Vine Stalker Warper on July 22, 2023.
             Was a Priest of Hepliaklqana.
             Shot with an arrow by a centaur warrior (11 damage)
             ... on level 8 of the Dungeon.
             The game lasted 00:41:03 (8434 turns).

tkbsonic5 the Sneak (Vine Stalker Warper)           Turns: 8434, Time: 00:41:04

Health: -8/45      AC:  5    Str: 15    XL:     10   Next: 13%
Magic:  0/17       EV: 13    Int: 15    God:    Hepliaklqana [***...]
Gold:   268        SH:  0    Dex: 17    Spells: 0/17 levels left

rFire   + . .      SeeInvis .   d - +6 longbow of Disintegration {flame, Int+2}
rCold   . . .      Faith    .   (shield currently unavailable)
rNeg    + . .      Spirit   +   o - +1 robe of Milupt {rN+}
rPois   +          Reflect  .   (no helmet)
rElec   .          Harm     .   (no cloak)
rCorr   .          Rampage  .   (no gloves)
Will    ++...      Rnd*Tele +   (no boots)
Stlth   +++.......              (no amulet)
HPRegen 0.95/turn               l - ring of poison resistance
MPRegen 0.15/turn               a - ring of willpower

@: no status effects
A: reduced essence, fangs 3, regeneration 1, magic shield, antimagic bite, no
potion heal 2, hooves 1, iridescent scales 1, fire resistance 1, teleportitis 1
a: Renounce Religion, Recall Ancestor, Ancestor Identity, Transference


You were on level 8 of the Dungeon.
You worshipped Hepliaklqana.
Hepliaklqana was most pleased with you.
You visited 1 branch of the dungeon, and saw 8 of its levels.

You collected 429 gold pieces.
You spent 161 gold pieces at shops.

Inventory:

Hand Weapons
 d - the +6 longbow of Disintegration (weapon) {flame, Int+2}
   (You acquired it on level 8 of the Dungeon)

   Any ammunition fired from it burns those it strikes, dealing additional fire
   damage.
   Int:       It affects your intelligence (+2).
 h - a +4 short sword
 n - a +0 whip of electrocution
 w - a +4 sling of freezing
 x - a +0 vorpal falchion
Missiles
 i - a throwing net
 p - 3 boomerangs
 t - a javelin
Armour
 b - a +1 leather armour
 m - a +0 scale mail
 o - the +1 robe of Milupt (worn) {rN+}
   (You found it on level 2 of the Dungeon)

   rN:        It protects you from negative energy.
 z - a +0 plate armour
Jewellery
 a - a ring of willpower (right hand)
 l - a ring of poison resistance (left hand)
 E - a ring of ice
Wands
 D - a wand of flame (5)
Scrolls
 f - 4 scrolls of teleportation
 r - a scroll of amnesia {unknown}
 s - a scroll of immolation
Potions
 g - a potion of ambrosia
 j - 9 potions of curing
 u - 2 potions of flight


   Skills:
 - Level 5.1 Fighting
 - Level 3.3 Short Blades
 - Level 2.6 Maces & Flails
 * Level 4.1 Ranged Weapons
 - Level 2.0 Throwing
 - Level 0.7 Armour
 - Level 3.5 Dodging
 + Level 5.8 Stealth
 - Level 4.4 Spellcasting
 + Level 2.8 Summonings
 + Level 5.6 Translocations
 - Level 3.3 Ice Magic
 * Level 2.9 Air Magic
 + Level 3.4 Invocations
 - Level 1.3 Evocations


You couldn't memorise any spells.
You knew the following spells:

 Your Spells              Type           Power      Damage    Failure   Level
a - Blink                 Tloc           40%        N/A       2%          2
b - Teleport Other        Tloc           20%        N/A       4%          3
c - Freeze                Ice            52%        1d7       4%          1
d - Lesser Beckoning      Tloc           20%        N/A       4%          3
e - Swiftness             Air            12%        N/A       16%         3
f - Summon Small Mammal   Summ           44%        N/A       5%          1
g - Airstrike             Air            6%         2d(1-17)  45%         4

Your spell library contained the following spells:

 Spells                   Type           Power      Damage    Failure   Level
 Gell's Gravitas          Tloc           20%        N/A       4%          3
 Shock                    Conj/Air       28%        1d4       10%         1
 Frozen Ramparts          Ice            26%        1d4       14%         3
 Foxfire                  Conj/Fire      12%        2x1d4     17%         1
 Call Canine Familiar     Summ           11%        N/A       17%         3
 Summon Guardian Golem    Hex/Summ       7%         N/A       28%         3
 Manifold Assault         Tloc           20%        N/A       43%         5
 Conjure Flame            Conj/Fire      3%         6-21      45%         3
 Inner Flame              Hex/Fire       3%         N/A       45%         3
 Hailstorm                Conj/Ice       8%         3d4       65%         4
 Corpse Rot               Necr/Pois/Air  6%         N/A       75%         4
 Dispel Undead            Necr           3%         3d7       86%         4
 Flame Wave               Conj/Fire      3%         2d5       86%         4
 Death Channel            Necr           1%         N/A       100%        6


Dungeon Overview and Level Annotations

Branches:
Dungeon (8/15)             Temple (0/1) D:7
   Lair: D:8-11

Altars:
Ashenzari
Elyvilon
Hepliaklqana
Qazlal
Sif Muna
Zin

Shops:
D:4 (   D:5 *=

Annotations:
D:6 2 transporters


Innate Abilities, Weirdness & Mutations

Your life essence is reduced to manifest your ancestor. (-10% HP)
You have razor-sharp teeth.
Your natural rate of healing is unusually fast.
When hurt, damage is shared between your health and your magic reserves.
Your bite disrupts and absorbs the magic of your enemies.
Potions cannot restore your health.
You have large cloven feet.
You are partially covered in iridescent scales. (AC +2)
Your flesh is heat resistant. (rF+)
You are occasionally teleported next to monsters.


Message History

You swap places.
You see here a potion of lignification.
Okay, then.
There is an open door here.
Things that are here:
a +0 shortbow; a centaur skeleton
Okay, then.
Okay, then.
Okay, then.
As you read the scroll labelled XELOUKAEDE, it crumbles to dust.
It is a scroll of enchant armour.
Your +0 leather armour glows green for a moment.
You swap places.
The centaur warrior shouts!
The centaur warrior wields a +0 shortbow.
The centaur warrior shoots an arrow.
The arrow hits you!!
There is an open door, spattered with blood here.
Things that are here:
a +0 shortbow; a centaur skeleton You shoot an arrow.
The arrow hits the centaur warrior.
The arrow burns the centaur warrior.
The centaur warrior is lightly wounded.
The centaur warrior shoots an arrow.
The arrow hits you!
Tibrania points at the centaur warrior and mumbles some strange words.
The stone arrow hits the centaur warrior!
The centaur warrior shoots an arrow.
The arrow hits you!
You are too injured to fight recklessly!
Fire: d) +6 longbow of Disintegration {flame, Int+2}
Press: ? - help, Q - select action, (/) - cycle Shift-Dir - straight line, f/p - centaur warrior
Aim: a centaur warrior, wielding a +0 shortbow (heavily wounded, ally target, 74% to hit)
You shoot an arrow. Tibrania avoids your attack.
The arrow hits the centaur warrior!
The arrow burns the centaur warrior.
The centaur warrior is severely wounded.
The centaur warrior shoots an arrow.
The arrow completely misses Tibrania.
The arrow hits you!
* * * LOW HITPOINT WARNING * * *
The centaur warrior shoots an arrow.
The arrow closely misses Tibrania.
The arrow hits you!
You die...

........####....#..........<....#
....))...###....................#
...................#######..#....
.......)########..##..##.##..####
#######.#........##..##.. ##.....
#.#.########.c##.. ######
#.#.##...##..##..
#...#.###!#R##..#####
###.'#...#@.#!..c..)#
#.#.#####.#####ยง.##
##.##R..##.....(.##
##..########.....## ##..##
##...## . #..## ##.## ## #.## ###
#.# #.#


You could see the friendly Tibrania the battlemage and a centaur warrior (ally
target).

Vanquished Creatures
  A centaur warrior (D:8)
  A water moccasin (D:7)
  An orc warrior (D:6)
  A black bear (D:5)
  A centaur (D:7)
  A phantom (D:5)
  Blork the orc (D:5)
  2 scorpions
  3 bullfrogs
  A gnoll sergeant (D:8)
  2 wights (D:7)
  An orc priest (D:6)
  A jelly (D:3)
  2 gnoll boudas (D:5)
  2 hounds
  5 iguanas
  Ijyb (D:5)
  2 orc wizards
  15 gnolls
  8 adders
  A worm (D:2)
  2 dart slugs (D:4)
  18 orcs
  6 endoplasms
  4 giant cockroaches
  4 goblins
  7 hobgoblins
  6 kobolds
  2 quokkas
  8 ball pythons
  5 bats
  5 frilled lizards
  5 rats
125 creatures vanquished.

Vanquished Creatures (collateral kills)
  A wraith (D:8)
  An ice beast (D:7)
  A sky beast (D:6)
  A necrophage (D:7)
  A gnoll sergeant (D:6)
  2 bullfrogs (D:8)
  2 scorpions
  10 wights
  A jelly (D:7)
  2 iguanas (D:7)
  An orc wizard (D:6)
  An adder (D:5)
  7 gnolls
  2 white imps
  2 ufetubi
  A worm (D:5)
  6 orcs
  2 hobgoblins (D:7)
44 creatures vanquished.

Vanquished Creatures (others)
  5 battlemagi
  An ancestor (D:5)
6 creatures vanquished.

Grand Total: 175 creatures vanquished

Notes
Turn   | Place    | Note
-------+----------+-------------------------------------------
     0 | D:1      | tkbsonic5 the Vine Stalker Warper began the quest for the
                  | Orb.
     0 | D:1      | Reached XP level 1. HP: 11/11 MP: 4/4
   188 | D:1      | Reached XP level 2. HP: 15/15 MP: 6/6
   222 | D:1      | Learned a level 2 spell: Blink
   915 | D:2      | Reached XP level 3. HP: 18/18 MP: 7/7
   917 | D:2      | Found a stormy altar of Qazlal.
   971 | D:2      | Identified the +1 robe of Milupt {rN+}
  1043 | D:1      | Learned a level 3 spell: Teleport Other
  2256 | D:3      | Found a faded altar of an unknown god.
  2415 | D:3      | Gained mutation: Your natural rate of healing is unusually
                  | fast. [Vine Stalker growth]
  2415 | D:3      | Reached XP level 4. HP: 23/23 MP: 8/8
  2437 | D:3      | Found a hazy altar of Hepliaklqana.
  2449 | D:3      | Became a worshipper of Hepliaklqana the Forgotten
  2738 | D:3      | Learned a level 1 spell: Freeze
  3061 | D:3      | Reached skill level 1 in Stealth
  3061 | D:3      | Reached XP level 5. HP: 24/28 MP: 1/9
  3604 | D:4      | Found Huajonuo's Weapon Shop.
  3614 | D:4      | Bought a +2 sling of freezing for 161 gold pieces
  3655 | D:4      | Reached XP level 6. HP: 25/32 MP: 6/10
  4032 | D:4      | Reached * piety under Hepliaklqana
  4740 | D:5      | Entered Level 5 of the Dungeon
  4789 | D:5      | Noticed Blork the orc
  4801 | D:5      | Killed Blork the orc
  4802 | D:5      | Reached skill level 1 in Throwing
  4938 | D:5      | Reached skill level 1 in Maces & Flails
  4945 | D:5      | Reached skill level 1 in Ranged Weapons
  4945 | D:5      | Reached XP level 7. HP: 26/32 MP: 4/11
  5127 | D:5      | Reached skill level 1 in Ice Magic
  5130 | D:5      | Noticed Ijyb
  5180 | D:5      | Killed Ijyb
  5425 | D:5      | Found a glowing silver altar of Zin.
  5426 | D:5      | Found Zin's Purification Station.
  5468 | D:5      | Gained mutation: You have razor-sharp teeth. [Vine Stalker
                  | growth]
  5468 | D:5      | Reached XP level 8. HP: 37/37 MP: 13/13
  5535 | D:5      | Learned a level 3 spell: Lesser Beckoning
  5539 | D:5      | Learned a level 3 spell: Swiftness
  5541 | D:5      | Learned a level 1 spell: Summon Small Mammal
  5609 | D:5      | Found Quolumn's Jewellery Shop.
  5786 | D:6      | Reached skill level 1 in Evocations
  5834 | D:6      | Found a broken altar of Ashenzari.
  5858 | D:6      | Found a transporter.
  5862 | D:6      | Noticed a kobold demonologist
  5877 | D:6      | Found a transporter.
  5922 | D:6      | Reached ** piety under Hepliaklqana
  5923 | D:6      | Remembered your ancestor Tibrania as a battlemage
  5959 | D:6      | Reached skill level 1 in Summonings
  5959 | D:6      | Reached skill level 1 in Air Magic
  6136 | D:6      | Reached skill level 1 in Invocations
  6543 | D:7      | Reached XP level 9. HP: 41/41 MP: 15/15
  6678 | D:7      | Found a white marble altar of Elyvilon.
  6820 | D:7      | Reached skill level 5 in Translocations
  6884 | D:7      | Reached skill level 5 in Fighting
  6884 | D:7      | Reached skill level 5 in Stealth
  6996 | D:7      | Found a staircase to the Ecumenical Temple.
  7053 | D:7      | Found a shimmering blue altar of Sif Muna.
  7187 | D:7      | Gained mutation: You are occasionally teleported next to
                  | monsters. [potion of mutation]
  7187 | D:7      | Gained mutation: Your flesh is heat resistant. (rF+)
                  | [potion of mutation]
  7187 | D:7      | Gained mutation: You have large cloven feet. [potion of
                  | mutation]
  7187 | D:7      | Gained mutation: You are partially covered in iridescent
                  | scales. (AC +2) [potion of mutation]
  7783 | D:8      | Identified a scroll of acquirement
  7783 | D:8      | Acquired the +6 longbow of Disintegration {flame, Int+2}
  7922 | D:8      | Reached *** piety under Hepliaklqana
  8116 | D:8      | Noticed a centaur warrior
  8129 | D:8      | HP: 3/63 [centaur warrior (10)]
  8129 | D:8      | HP: 1/63 [centaur warrior (2)]
  8131 | D:8      | Killed a centaur warrior
  8132 | D:8      | Reached XP level 10. HP: 3/45 MP: 0/17
  8250 | D:8      | Learned a level 4 spell: Airstrike
  8261 | D:8      | Noticed a centaur warrior
  8274 | D:8      | HP: 1/45 [centaur warrior (9)]
  8434 | D:8      | Shot with an arrow by a centaur warrior

Illustrated notes

Levels and vault maps discovered:
D:1:      sevenhm_arrival_forest_fort_small_3, layout_loops_cross,
          minmay_misc_feat_roman
D:2:      layout_basic, basic_altar
D:3:      layout_loops_ring, mainiacjoe_overflow_chevrons,
          shapermc_ecumenical_altar_starsandcircs
D:4:      layout_loops_ring, serial_shops, nicolae_shop_bloodbath_and_beyond,
          patterned_corridor
D:5:      layout_loops_ring, zin_purify, serial_shops, nicolae_shop_trees,
          kennysheep_boxes, uniq_blork_the_orc, uniq_ijyb
D:6:      gammafunk_wand_slinger, layout_basic, lemuel_coloured_pillars_altar
D:7:      layout_basic, nicolae_sif_muna_condensation, lemuel_doored_altar,
          minmay_temple_entry_antechambers, enter_bailey_4, minivault_24,
          grunt_decor_fettered
D:8:      minmay_the_grid_octo_tiled_squarecenter [minmay_the_grid_octo_horde,
          minmay_the_grid_octo_thin_diamonds, minmay_the_grid_octo_empty,
          minmay_the_grid_octo_77,
          minmay_the_grid_square_5x5_megaprize_checkered,
          minmay_the_grid_square_5x5_half_checkered,
          minmay_the_grid_square_5x5_checkered_statues,
          minmay_the_grid_square_5x5_n, minmay_the_grid_square_5x5_six_small],
          layout_basic

Skill      XL: |  1  2  3  4  5  6  7  8  9 |
---------------+----------------------------+-----
Fighting       | 2 3 4 5 |  5.1
Short Blades   | 2 3 |  3.3
Stealth        | 1 2 3 4 5 |  5.8
Translocations | 4 5 |  5.6
Throwing       | 1 2 |  2.0
Maces & Flails | 1 2 |  2.6
Ranged Weapons | 1 2 4 |  4.1
Dodging        | 2 3 |  3.5
Ice Magic      | 1 2 3 |  3.3
Spellcasting   | 3 4 |  4.4
Evocations     | 1 |  1.3
Summonings     | 1 2 |  2.8
Air Magic      | 1 2 |  2.9
Invocations    | 1 3 |  3.4
Armour         | |  0.7

Action                   |  1- 3 |  4- 6 |  7- 9 | 10-12 || total
-------------------------+-------+-------+-------+-------++-------
Melee: Short sword       |   110 |   100 |     1 |     1 ||   212
       Bite              |    33 |    26 |    12 |       ||    71
       Punch             |       |     2 |     3 |       ||     5
       Whip              |       |    33 |    38 |       ||    71
       Kick              |       |       |       |     1 ||     1
 Fire: Sling             |       |    15 |   133 |     8 ||   156
       Longbow           |       |       |    24 |     2 ||    26
Throw: Boomerang         |       |    17 |    14 |       ||    31
       Javelin           |       |     9 |     5 |       ||    14
       Throwing net      |       |     3 |     1 |       ||     4
 Cast: Blink             |     3 |     3 |     8 |       ||    14
       Teleport Other    |     2 |     1 |     2 |       ||     5
       Freeze            |       |     8 |     2 |       ||    10
       Summon Small Mamm |       |       |     1 |       ||     1
       Lesser Beckoning  |       |       |     1 |       ||     1
Invok: Ancestor Life: Ba |       |       |     1 |       ||     1
       Ancestor Identity |       |       |     1 |       ||     1
Evoke: Wand              |       |     2 |    15 |       ||    17
  Use: Scroll            |       |     6 |    14 |     4 ||    24
       Potion            |       |     2 |     8 |       ||    10
 Stab: Sleeping          |     2 |     1 |     1 |       ||     4
       Held in net/web   |       |     1 |     1 |       ||     2
       Distracted        |       |       |     1 |       ||     1
Armor: Leather armour    |    15 |       |       |       ||    15
       Scale mail        |     2 |       |       |       ||     2
       Robe              |     9 |    20 |    16 |     4 ||    49
       Skin              |       |       |    10 |       ||    10
Dodge: Dodged            |    66 |    76 |    57 |     2 ||   201
